 Dungeon Crawl Stone Soup version 0.32-a0-441-gaf4921d101 (webtiles) character file.

Game seed: 10525442465554387810

1664120 riceblast the Slayer (level 26, 261/261 HPs)
             Began as an Octopode Wanderer on Feb 23, 2024.
             Was a High Priest of Okawaru.
             Escaped with the Orb
             ... and 3 runes!
             The game lasted 02:06:14 (66072 turns).

riceblast the Slayer (Octopode Wanderer)           Turns: 66072, Time: 02:06:15

Health: 261/261    AC: 29    Str: 21    XL:     26   Next: 37%
Magic:  32/32      EV: 43    Int: 17    God:    Okawaru [*****.]
Gold:   205        SH: 34    Dex: 41    Spells: 9/37 levels left

rFire   + . .        h - +7 double sword (vamp)
rCold   + . .        o - +6 tower shield {rC+}
rNeg    + + .        K - +2 hood of the Assassin {Detect Stab+ Stlth++}
rPois   ∞            q - dreamshard necklace {Acrobat *Dream}
rElec   +            y - +6 ring of dexterity
rCorr   .            C - +6 ring of dexterity
SInv    .            V - +6 ring of dexterity
Will    +++..        e - ring "Red Jicw" {rF+ rN+ Slay+6}
Stlth   +++          Z - +6 ring of dexterity
HPRegen 0.63/turn    p - +6 ring of dexterity
MPRegen 0.23/turn    O - ring of willpower
                     r - ring of willpower

%: acrobat
@: statue-form, hasted, studying Necromancy, quick
A: slow and powerful, torment resistance 1, boosted hp, almost no armour,
amphibious, 8 rings, camouflage 1, (gelatinous body 1), (nimble swimmer 1),
tentacles, (iridescent scales 1), dopey 1, strong 1
0: Orb of Zot
}: 3/15 runes: decaying, serpentine, silver
a: Begin Untransformation, Renounce Religion, Heroism, Finesse, Duel


You escaped.
You worshipped Okawaru.
Okawaru was extremely pleased with you.
You were a living statue of rough stone.
You visited 9 branches of the dungeon, and saw 47 of its levels.
You also visited: Sewer and Wizlab.

You collected 7339 gold pieces.
You spent 7134 gold pieces at shops.

Inventory:

Hand Weapons
 h - a +7 vampiric double sword (weapon)
Missiles
 a - 3 atropa-tipped darts
 s - 5 darts of dispersal
 F - 5 throwing nets {!f}
 R - 20 silver javelins
 S - 21 javelins
 U - 30 curare-tipped darts
 W - 34 boomerangs
Armour
 o - a +6 tower shield of cold resistance (worn)
 v - the +3 kite shield of the Unbroken {rF+++ Str-4 Int+3 Stlth+}
   (Okawaru gifted it to you on level 2 of the Orcish Mines)

   Str-4:     It affects your strength (-4).
   Int+3:     It affects your intelligence (+3).
   rF+++:     It renders you almost immune to fire.
   Stlth+:    It makes you more stealthy.
 K - the +2 hood of the Assassin (worn) {Detect Stab+ Stlth++}
   (You acquired it on level 9 of the Dungeon)

   Detect:    It allows the wearer to sense nearby creatures.
   Stab+:     It allows the wearer to make particularly effective stabbing
   attacks against helpless or unaware enemies with any weapon.
   Stlth++:   It makes you much more stealthy.
Magical Staves
 Q - a staff of air
Jewellery
 d - the ring "Fehipraj" {rPois rC+ rCorr Str+4}
   (You bought it in a shop on level 2 of the Orcish Mines)

   [ring of poison resistance]

   Str+4:     It affects your strength (+4).
   rC+:       It protects you from cold.
   rPois:     It protects you from poison rCorr: It protects you from acid and
   corrosion.
 e - the ring "Red Jicw" (on tentacle) {rF+ rN+ Slay+6}
   (You found it on level 3 of the Depths)

   [ring of protection from fire]

   Slay+6:    It affects your accuracy & damage with ranged weapons and melee
   (+6).
   rF+:       It protects you from fire.
   rN+:       It protects you from negative energy.
 g - the ring of Aviluzie {rCorr Str+2 Slay+2 SInv Stlth-}
   (You bought it in a shop on level 2 of the Snake Pit)

   [ring of see invisible]

   Str+2:     It affects your strength (+2).
   Slay+2:    It affects your accuracy & damage with ranged weapons and melee
   (+2).
   SInv:      It lets you see invisible.
   rCorr:     It protects you from acid and corrosion.
   Stlth-:    It makes you less stealthy.
 m - the ring "Cuut" {rF+ MP+9 SInv}
   (You acquired it on level 5 of the Realm of Zot)

   [ring of magical power]

   rF+:       It protects you from fire.
   MP+9:      It affects your magic capacity (+9).
   SInv:      It lets you see invisible.
 p - a +6 ring of dexterity (on tentacle)
 q - the dreamshard necklace (around mantle) {Acrobat *Dream}
   (You found it in a wizard's laboratory)

   [amulet of the acrobat]

   *Dream:    It absorbs a single lethal wound into itself, holding its wearer
   just short of death and releasing dream-creatures to guard them.
   Acrobat:   It increases your evasion while moving and waiting.
 r - a ring of willpower (on tentacle)
 t - a +4 ring of protection
 y - a +6 ring of dexterity (left tentacle)
 A - the amulet "Inewya" {Reflect rC+ Dex+5 SH+5}
   (You bought it in a shop on level 2 of the Orcish Mines)

   [amulet of reflection]

   Reflect:   It reflects blocked missile attacks.
   Dex+5:     It affects your dexterity (+5).
   rC+:       It protects you from cold.
   SH+5:      It affects your SH (+5).
 C - a +6 ring of dexterity (right tentacle)
 J - the ring of Biloih {rF+ rC++}
   (You took it off a deep elf sorcerer on level 3 of the Elven Halls)

   [ring of protection from fire]

   rF+:       It protects you from fire.
   rC++:      It greatly protects you from cold.
 M - the ring "Bikhonon" {rF+ rN+}
   (You acquired it on level 9 of the Dungeon)

   [ring of positive energy]

   rF+:       It protects you from fire.
   rN+:       It protects you from negative energy.
 N - an amulet of regeneration
 O - a ring of willpower (on tentacle)
 V - a +6 ring of dexterity (on tentacle)
 Z - a +6 ring of dexterity (on tentacle)
Wands
 b - a wand of quicksilver (28)
 l - a wand of digging (28) {@v3}
 T - a wand of roots (52)
Scrolls
 z - 3 scrolls of blinking {@r4}
 B - 2 scrolls of silence
 H - a scroll of vulnerability
 L - 20 scrolls of teleportation {@r3}
 X - 2 scrolls of fear
 Y - a scroll of fog
Potions
 c - 17 potions of curing {@q1}
 f - 5 potions of mutation
 j - 6 potions of haste {@q4}
 k - 6 potions of ambrosia
 n - 2 potions of invisibility
 u - 6 potions of resistance {@q5}
 w - 9 potions of heal wounds {@q2}
 x - 9 potions of magic
 E - 10 potions of lignification
 G - 3 potions of cancellation
 I - 5 potions of might {@q3}
 P - 8 potions of enlightenment
Miscellaneous
 i - a phial of floods
 D - a lightning rod (4/4)


   Skills:
 + Level 21.7 Fighting
 - Level 13.4 Long Blades
 - Level 5.0 Staves
 - Level 18.1 Throwing
 * Level 20.5 Dodging
 - Level 10.9 Stealth
 * Level 18.8 Shields
 - Level 6.0 Spellcasting
 + Level 9.1 Translocations
 - Level 7.0 Ice Magic
 - Level 7.0 Air Magic
 - Level 7.0 Earth Magic
 - Level 11.0 Invocations
 - Level 6.0 Evocations
 - Level 16.0 Shapeshifting


You had 9 spell levels left.
You knew the following spells:

 Your Spells              Type           Power      Damage    Failure   Level
a - Sandblast             Erth           56%        2d13      1%          1
b - Passwall              Erth           28%        N/A       4%          3
c - Stone Arrow           Conj/Erth      34%        3d9       17%         3
d - Blink                 Tloc           72%        N/A       1%          2
e - Ozocubu's Armour      Ice            28%        N/A       4%          3
f - Vhi's Electric Charg  Tloc/Air       64%        N/A       9%          4
g - Apportation           Tloc           72%        N/A       1%          1
h - Manifold Assault      Tloc           36%        N/A       5%          4
i - Swiftness             Air            28%        N/A       4%          3
j - Passage of Golubria   Tloc           36%        N/A       5%          4

Your spell library contained the following spells:

 Spells                   Type           Power      Damage    Failure   Level
 Gell's Gravitas          Tloc           36%        N/A       1%          3
 Teleport Other           Tloc           36%        N/A       1%          3
 Shock                    Conj/Air       68%        1d7       6%          1
 Ensorcelled Hibernation  Hex/Ice        34%        N/A       9%          2
 Mercury Vapours          Alch/Air       34%        N/A       9%          2
 Static Discharge         Conj/Air       34%        3-5/arc   9%          2
 Volatile Blastmotes      Fire/Tloc      40%        2d13      11%         3
 Cigotuvi's Dreadful Rot  Necr/Alch/Air  26%        N/A       14%         2
 Airstrike                Air            14%        2d(2-18)  14%         4
 Hailstorm                Conj/Ice       17%        3d6       17%         3
 Kiss of Death            Conj/Necr      20%        2d7       24%         1
 Magic Dart               Conj           20%        1d4       24%         1
 Slow                     Hex            20%        N/A       24%         1
 Sting                    Conj/Alch      20%        1d4       24%         1
 Jinxbite                 Hex            10%        N/A       36%         2
 Scorch                   Fire           10%        2d5       36%         2
 Searing Ray              Conj           10%        2d4       36%         2
 Lee's Rapid Deconstruct  Erth           14%        3d9*      36%         5
 Brom's Barrelling Bould  Conj/Erth      17%        2d4       50%         4
 Leda's Liquefaction      Alch/Erth      8%         N/A       50%         4
 Petrify                  Alch/Erth      17%        N/A       50%         4
 Confusing Touch          Hex            5%         N/A       58%         3
 Dazzling Flash           Conj/Hex       10%        N/A       58%         3
 Fugue of the Fallen      Necr           5%         N/A       58%         3
 Sigil of Binding         Hex            5%         N/A       58%         3
 Vampiric Draining        Necr           5%         2d6       58%         3
 Dispersal                Tloc           18%        N/A       65%         6
 Freezing Cloud           Conj/Ice/Air   10%        6-21      71%         5
 Arcjolt                  Conj/Air       8%         1d18      85%         5
 Metabolic Englaciation   Hex/Ice        8%         N/A       85%         5
 Silence                  Hex/Air        8%         N/A       85%         5
 Anguish                  Hex/Necr       2%         N/A       94%         4
 Dispel Undead            Necr           5%         3d7       94%         4
 Flame Wave               Conj/Fire      5%         2d5       94%         4
 Ignite Poison            Fire/Alch      5%         N/A       94%         4
 Olgreb's Toxic Radiance  Alch           5%         N/A       94%         4
 Alistair's Intoxication  Alch           3%         N/A       100%        5
 Fireball                 Conj/Fire      2%         3d4       100%        5
 Irradiate                Conj/Alch      2%         3d12      100%        5
 Iskenderun's Battlesphe  Conj           5%         2d6       100%        5
 Yara's Violent Unravell  Hex/Alch       2%         3d3       100%        5
 Bombard                  Conj/Erth      8%         9d2       100%        6
 Conjure Ball Lightning   Conj/Air       8%         3x3d6     100%        6
 Plasma Beam              Fire/Air       8%         2x1d19    100%        6
 Starburst                Conj/Fire      2%         6d3       100%        6
 Enfeeble                 Hex            2%         N/A       100%        7
 Orb of Destruction       Conj           2%         9d5       100%        7
 Ozocubu's Refrigeration  Ice            14%        4d10      100%        7
 Discord                  Hex            2%         N/A       100%        8
 Lehudib's Crystal Spear  Conj/Erth      8%         10d4      100%        8
 Maxwell's Capacitive Co  Air            14%        ∞         100%        8
 Fire Storm               Conj/Fire      2%         8d1       100%        9
 Polar Vortex             Ice            14%        12d1*     100%        9
 Summon Ice Beast         Ice/Summ       Unusable   N/A       N/A         3
 Call Imp                 Summ           Unusable   N/A       N/A         2
 Sublimation of Blood     Necr           Unusable   N/A       N/A         2
 Animate Armour           Summ/Erth      Unusable   N/A       N/A         4
 Summon Lightning Spire   Summ/Air       Unusable   N/A       N/A         4
 Summon Blazeheart Golem  Fire/Summ      Unusable   N/A       N/A         4
 Sculpt Simulacrum        Ice/Alch       Unusable   N/A       N/A         6

Dungeon Overview and Level Annotations

Branches:
Dungeon (15/15)            Temple (0/1) D:7            Lair (5/5) D:10
  Swamp (4/4) Lair:3        Snake (4/4) Lair:3        Slime (0/5) Lair:5
    Orc (2/2) D:9             Elf (3/3) Orc:2        Vaults (5/5) D:13
  Crypt (0/3) Vaults:3     Depths (4/4) D:15            Zot (5/5) Depths:4
  Sewer (visited)          WizLab (visited)

Altars:
Elyvilon
Fedhas
Gozag
Kikubaaqudgha
Makhleb
Nemelex Xobeh
Okawaru
Sif Muna
Trog
Uskayaw
Vehumet
Xom
Yredelemnul
Zin
The Shining One
Beogh
Jiyva

Shops:
D:5 (   D:8 !   Orc:2 :*([==!   Elf:1 :   Snake:2 ==:   Vaults:5 !
Depths:1 **   Depths:3 =(:   Depths:4 (

Portals:
Hell: Depths:1 Depths:2 Depths:3 Depths:4
Abyss: Depths:1 Depths:3 Depths:4
Pandemonium: Depths:2 Depths:4
Ziggurat: Depths:3

Annotations:
Lair:5 exclusion: obsidian statue
Depths:4 4 transporters


Innate Abilities, Weirdness & Mutations

You are a living statue of rough stone.
Your actions are slow, but your melee attacks are powerful.
You are resistant to unholy torment.
Your maximum health is greatly increased.
You cannot wear most types of armour.
You are amphibious.
You can wear up to eight rings at the same time.
You are immune to poison.
Your skin changes colour to match your surroundings (Stealth+).
((Your rubbery body absorbs attacks. (AC +1, EV +1)))
((You are camouflaged when in or above water. (Stealth+)))
You have tentacles for arms and can constrict up to eight enemies at once.
((You are partially covered in iridescent scales. (AC +2)))
You are dopey. (Int -2)
Your muscles are strong. (Str +4, Int/Dex -1)


Message History

There is an open door here.
A large abomination comes into view.
There is a stone staircase leading up here.
You block the large abomination's attack.
You climb upwards.
There is a stone staircase leading down here.
What level of the Dungeon? (default 2, ? - help)
You climb downwards.
You block the large abomination's attack. x2
There is a stone staircase leading up here.
You cut the large abomination into ribbons!!!
You squeeze the large abomination.
You destroy the large abomination!
Okawaru accepts your kill.
No target in view!
There is an open door here.
There is a stone staircase leading up here.
You climb upwards.
There is a stone staircase leading down here.
A Canim, an orange demon, a sun demon and a lich come into view.
Blink to where?
Press: ? - help, Dir - move target
As you read the scroll of blinking {@r4}, it crumbles to dust.
Canim moves out of view.
The orange demon moves out of view.
The sun demon moves out of view.
The lich moves out of view.
Aiming: Dig
Press: ? - help, Shift-Dir - straight line This square is covered in magical glow.
The rock shatters into small pieces.
Blink to where?
Press: ? - help, Dir - move target
As you read the scroll of blinking {@r4}, it crumbles to dust.
You feel yourself speed up.
A blizzard demon comes into view.
There is an open door here.
You open the door.
There is an open door here.
There is an open door here.
There is a staircase leading out of the dungeon here.
You have escaped!

#..........##.
#.######.#....
###.#
##.###...
#...# #.##
##..
######{#.#
##.###...
#......+.#
##.#....
#.####'###
##.###.
#.#..#.# ###
#. #.+.I'.# #.
#.#..#.# #.
#.####.# ##
#......#
########


There were no monsters in sight!

Vanquished Creatures
  4 dread liches
  2 ancient liches
  4 orbs of fire (Zot:5)
  Xtahua (Depths:4)
  A juggernaut (Depths:3)
  Josephina (Depths:4)
  Saint Roka (Depths:1)
  5 Killer Klowns (Zot:5)
  Vashnia (Snake:4)
  A curse toe (Zot:5)
  5 golden dragons
  Nikola (Snake:2)
  A bone dragon (Depths:4)
  3 electric golems
  A Brimstone Fiend (D:10)
  Zenata (Vaults:4)
  9 tentacled monstrosities
  A moon troll (WizLab)
  5 quicksilver dragons
  3 titans (Vaults:5)
  32 Orb Guardians
  2 deep elf blademasters (Elf:3)
  2 deep elf master archers (Elf:3)
  A walking frostbound tome (Depths:3)
  3 sphinxes
  7 shadow dragons
  12 tentacled starspawn (WizLab)
  Frances (Snake:2)
  5 tengu reavers
  3 thorn hunters (Swamp:4)
  8 storm dragons
  2 daevas
  Aizul (Elf:1)
  The ghost of Lanyett the Spry, an adept OpSh of Hepliaklqana (Snake:2)
  3 nagarajas (Snake:4)
  8 fire giants
  6 frost giants
  A draconian monk (Zot:3)
  A fenstrider witch (Swamp:2)
  3 ghost moths (Zot:5)
  2 draconian shifters
  2 balrugs
  2 draconian scorchers
  10 vault wardens
  5 deep elf sorcerers
  6 deep elf elementalists (Elf:3)
  2 cacodemons (WizLab)
  2 angels
  4 orc warlords
  3 draconian annihilators
  A reaper (Zot:3)
  35 very ugly things
  17 ironbound preservers
  2 draconian stormcallers (Zot:5)
  13 stone giants
  4 ghouls (Swamp:4)
  2 formless jellyfish
  3 ironbound thunderhulks
  A hydra skeleton (Swamp:4)
  12 eleionomae
  5 vampire knights
  5 green draconians
  7 deep elf annihilators
  2 white draconians
  4 deep elf demonologists (Elf:3)
  4 deep elf death magi
  8 war gargoyles
  3 black draconians (Zot:5)
  6 purple draconians
  4 dire elephants (Lair:5)
  3 red draconians
  2 yellow draconians
  A lorocyproca (Depths:2)
  4 bunyips
  3 green deaths
  10 spark wasps
  Snorg (Lair:4)
  A blizzard demon (Depths:2)
  5 ettins
  12 crystal guardians
  2 jiangshi (Depths:2)
  A merfolk javelineer (Depths:1)
  2 entropy weavers (shapeshifter) (D:14)
  2 shambling mangroves (Swamp:4)
  10 great orbs of eyes
  3 entropy weavers
  4 fire dragons
  11 yaktaur captains
  7 deep elf high priests
  2 salamander tyrants
  28 vault guards
  11 hydras
  A peacekeeper (Vaults:2)
  6 rakshasas
  5 ice dragons
  The ghost of Demei the Fencer, a journeyman MfGl of Okawaru (D:14)
  2 spriggan air magi
  A ghost crab (Swamp:3)
  6 boulder beetles
  3 centaur warriors
  A juggernaut simulacrum (Depths:1)
  5 ogre magi
  11 anacondas
  A catoblepas (Lair:2)
  6 ironbound frosthearts
  14 two-headed ogres
  8 alligators
  33 dancing weapons
  6 deep troll shamans
  16 naga warriors
  3 vampire magi
  8 deep troll earth magi
  4 tengu warriors
  9 naga sharpshooters
  Urug (D:12)
  3 hell hogs (D:7)
  A spriggan berserker (Depths:4)
  6 orc high priests
  10 shock serpents
  Nergalle (Orc:2)
  5 hell knights (Depths:4)
  12 deep elf knights
  A soul eater (Depths:4)
  4 sun demons
  3 sixfirhies
  6 skeletal warriors
  5 spriggan druids
  6 iron trolls (Depths:2)
  A sea snake (shapeshifter) (Depths:4)
  3 goliath frogs
  6 salamander mystics
  2 spectral hydras (Swamp:4)
  2 orange crystal statues
  A spectral anaconda (Lair:5)
  4 swamp dragons (Swamp:4)
  9 glowing orange brains
  13 mana vipers
  52 deep trolls
  4 bog bodies
  7 arcanists
  13 deep elf archers
  6 phantasmal warriors
  3 flayed ghosts
  14 naga ritualists
  4 large abominations
  10 necromancers
  19 deep elf zephyrmancers
  12 ironbound convokers
  48 ugly things
  14 lindwurms
  21 deep elf pyromancers
  Pikel (D:6)
  13 harpies
  15 orc knights
  11 orc sorcerers
  6 will-o-the-wisps
  3 oklob plants (Swamp:4)
  3 cyclopes
  15 salamanders
  3 manticores
  11 moths of wrath
  A salamander (shapeshifter) (D:15)
  A rust devil (Depths:4)
  19 vault sentinels
  A guardian serpent (shapeshifter) (Vaults:4)
  A black mamba (shapeshifter) (Elf:3)
  14 naga magi
  A dire elephant zombie (Lair:5)
  48 black mambas
  3 smoke demons
  11 elephants
  A torpor snail (shapeshifter) (Vaults:4)
  A gargoyle (D:12)
  13 cane toads
  A titan simulacrum (Depths:4)
  A dire elephant skeleton (Lair:5)
  7 guardian serpents
  A torpor snail (Lair:5)
  5 eyes of devastation (WizLab)
  2 hellions
  35 yaktaurs
  6 unseen horrors (Depths:1)
  3 kobold demonologists (D:10)
  3 freezing wraiths
  9 komodo dragons
  A golden dragon simulacrum (Depths:4)
  A tengu conjurer (Depths:2)
  A tormentor (Zot:4)
  A yaktaur zombie (Vaults:3)
  7 trolls
  A hydra zombie (Swamp:4)
  3 polar bears
  21 hornets
  9 tyrant leeches
  Grinder (D:6)
  A tarantella (shapeshifter) (Vaults:5)
  An iron dragon simulacrum (Depths:4)
  27 blink frogs
  A spectral elephant (Lair:5)
  A blink frog (shapeshifter) (D:15)
  2 frost giant simulacra (Depths:1)
  A snapping turtle (shapeshifter) (Vaults:5)
  5 human skeletons
  A fire giant simulacrum (Depths:1)
  2 ettin skeletons (Vaults:3)
  14 slime creatures
  3 air elementals (Elf:2)
  2 wraiths
  4 small abominations (Depths:1)
  15 spriggans
  5 water elementals
  61 yaks
  6 wyverns
  7 fire bats (Depths:1)
  5 vampires
  5 starcursed masses (WizLab)
  4 fire elementals
  8 basilisks
  2 redbacks (Vaults:3)
  13 vampire mosquitoes
  A death yak simulacrum (Lair:5)
  8 wargs
  A neqoxec (WizLab)
  Menkaure (D:6)
  39 nagas
  2 chaos spawn (Depths:1)
  14 swamp worms
  An acid dragon (shapeshifter) (D:15)
  A hell hound (Depths:1)
  Duvessa (D:4)
  A spectral cane toad (Lair:5)
  4 acid dragons
  3 hydra simulacra (Swamp:4)
  18 water moccasins
  10 swamp drakes
  An elephant zombie (Lair:5)
  36 orc warriors
  A black bear (D:5)
  A laughing skull (D:15)
  A swamp dragon zombie (Swamp:4)
  A crocodile (Sewer)
  2 elephant skeletons (Lair:5)
  13 ogres
  3 centaurs
  4 lemures (D:6)
  11 wolves
  14 bullfrogs
  Blork the orc (D:6)
  4 cane toad simulacra (Lair:5)
  An earth elemental (Elf:1)
  2 gnoll sergeants
  5 scorpions
  13 wights
  Dowan (D:4)
  15 killer bees
  An elephant simulacrum (Lair:5)
  5 electric eels
  3 howler monkeys
  A bombardier beetle (D:6)
  6 hounds
  2 jellies
  Crazy Yiuf (D:6)
  4 gnoll boudas (D:6)
  21 orc priests
  4 iguanas
  13 orc wizards
  Robin (D:3)
  20 gnolls
  4 swamp drake zombies (Swamp:4)
  9 adders
  An adder (shapeshifter) (Elf:2)
  2 river rats (D:4)
  A shadow imp (D:7)
  A swamp drake skeleton (Swamp:4)
  3 white imps
  3 dart slugs
  5 ribbon worms (D:4)
  106 orcs
  5 ball pythons
  7 endoplasms
  A giant cockroach (D:3)
  14 goblins
  9 hobgoblins
  9 jackals
  12 kobolds
  5 quokkas
  3 bats
  5 frilled lizards
  12 rats
  6 starspawn tentacles (WizLab)
1987 creatures vanquished.

Vanquished Creatures (others)
  A dread lich (Vaults:5)
  A deep elf knight (Elf:3)
  A guardian serpent (Snake:2)
  A tyrant leech (Swamp:4)
  2 bloated husks (Swamp:4)
  A tengu simulacrum (Depths:4)
  A spriggan (Swamp:4)
  An orc (Vaults:5)
  8 foxfires
  13 starspawn tentacles (WizLab)
30 creatures vanquished.

Grand Total: 2017 creatures vanquished

Notes
Turn   | Place    | Note
-------+----------+-------------------------------------------
     0 | D:1      | riceblast the Octopode Wanderer began the quest for the
                  | Orb.
     0 | D:1      | riceblast set off with the following items: a +2
                  | quarterstaff, a +0 hat, a potion of curing {@q1}; and the
                  | following spell memorised: Sandblast; and the following
                  | spells available to memorise: Passwall.
     0 | D:1      | Reached XP level 1. HP: 11/11 MP: 5/5
   199 | D:1      | Reached skill level 1 in Fighting
   233 | D:1      | Reached XP level 2. HP: 18/18 MP: 5/7
   335 | D:1      | Found a faded altar of an unknown god.
   626 | D:1      | Reached skill level 1 in Earth Magic
   923 | D:2      | Reached skill level 2 in Fighting
   923 | D:2      | Reached XP level 3. HP: 24/24 MP: 5/8
  1816 | D:3      | Learned a level 3 spell: Passwall
  1865 | D:3      | Reached XP level 4. HP: 20/29 MP: 7/10
  2074 | D:3      | Noticed Robin
  2225 | D:3      | Killed Robin
  2482 | D:3      | Reached skill level 1 in Dodging
  2670 | D:3      | Learned a level 3 spell: Stone Arrow
  2674 | D:4      | Reached XP level 5. HP: 35/35 MP: 8/11
  2720 | D:4      | Reached skill level 3 in Fighting
  2792 | D:4      | Found a glowing drain.
  2837 | Sewer    | Entered a sewer
  2950 | Sewer    | Noticed a crocodile
  2976 | Sewer    | Killed a crocodile
  2977 | Sewer    | Reached skill level 4 in Fighting
  2977 | Sewer    | Reached XP level 6. HP: 30/43 MP: 10/12
  3225 | D:4      | Noticed Duvessa
  3387 | D:4      | Reached skill level 1 in Shields
  3648 | D:4      | Noticed Dowan
  3739 | D:5      | Entered Level 5 of the Dungeon
  3855 | D:5      | Found an ancient bone altar of Kikubaaqudgha.
  3856 | D:5      | Found Jisisapim's Antique Weapon Boutique.
  3892 | D:5      | Found an iron altar of Okawaru.
  3906 | D:5      | Reached XP level 7. HP: 20/49 MP: 11/13
  4059 | D:5      | Became a worshipper of Warmaster Okawaru
  4424 | D:6      | Found a runed translucent door.
  4425 | D:6      | Noticed Crazy Yiuf
  4433 | D:6      | Killed Crazy Yiuf
  4473 | D:6      | Noticed Blork the orc
  4547 | D:6      | Killed Blork the orc
  4548 | D:6      | Reached skill level 5 in Fighting
  5192 | D:5      | Reached skill level 1 in Invocations
  5834 | D:6      | Reached XP level 8. HP: 50/57 MP: 14/14
  6101 | D:6      | Noticed Grinder
  6123 | D:6      | Noticed Menkaure
  6129 | D:6      | Killed Menkaure
  6129 | D:6      | Reached * piety under Okawaru
  6130 | D:6      | Reached skill level 6 in Fighting
  6620 | D:6      | Noticed Pikel
  6804 | D:6      | Reached skill level 7 in Fighting
  6828 | D:6      | Found an opulent altar of Gozag.
  7093 | D:6      | Killed Pikel
  7093 | D:6      | Reached ** piety under Okawaru
  7094 | D:6      | Reached skill level 8 in Fighting
  7094 | D:6      | Reached XP level 9. HP: 65/66 MP: 15/15
  7597 | D:6      | Reached skill level 5 in Dodging
  7855 | D:7      | Noticed a hornet
  7955 | D:7      | Reached skill level 5 in Invocations
  8083 | D:7      | Found a basalt altar of Yredelemnul.
  8194 | D:7      | Found a staircase to the Ecumenical Temple.
  8516 | D:8      | Found Kiplapaorgh's Distillery.
  8519 | D:8      | Bought 2 potions of curing for 66 gold pieces
  8519 | D:8      | Bought a potion of enlightenment for 55 gold pieces
  8519 | D:8      | Bought a potion of lignification for 33 gold pieces
  8519 | D:8      | Bought a potion of degeneration for 11 gold pieces
  8536 | D:8      | Found a shimmering altar of Xom.
  8569 | D:8      | Found a radiant altar of Vehumet.
  8824 | D:8      | Reached skill level 1 in Long Blades
  8880 | D:8      | Reached XP level 10. HP: 39/73 MP: 16/16
  8892 | D:8      | Reached skill level 5 in Long Blades
  9276 | D:8      | Reached skill level 9 in Fighting
  9447 | D:8      | Found a bloodstained altar of Trog.
 10379 | D:9      | Found a burning altar of Makhleb.
 10392 | D:9      | Reached *** piety under Okawaru
 10394 | D:9      | Noticed a deep elf pyromancer
 10620 | D:9      | Found a staircase to the Orcish Mines.
 11343 | D:9      | Killed a deep elf pyromancer
 11546 | D:4      | Killed Duvessa
 11551 | D:4      | Killed Dowan
 11664 | D:6      | Killed Grinder
 11665 | D:6      | Reached skill level 10 in Fighting
 11732 | D:9      | Identified a scroll of acquirement
 11735 | D:10     | Entered Level 10 of the Dungeon
 11742 | D:9      | Reached XP level 11. HP: 70/81 MP: 14/17
 11970 | D:10     | Identified the +7 long sword "Riagaq" {flame, rF+ Int+3}
 12090 | D:10     | Reached skill level 10 in Long Blades
 12112 | D:10     | Noticed Sonja
 12207 | D:10     | Found a glowing silver altar of Zin.
 12949 | D:11     | Noticed a manticore
 13191 | D:11     | Reached skill level 5 in Stealth
 13193 | D:11     | Reached **** piety under Okawaru
 13558 | D:11     | Killed a manticore
 13782 | D:9      | Acquired the ring "Bikhonon" {rF+ rN+}
 13783 | D:9      | Acquired the +2 hood of the Assassin {Detect Stab+ Stlth++}
 13783 | D:9      | Found the +2 hood of the Assassin {Detect Stab+ Stlth++}
 13944 | D:10     | Noticed a two-headed ogre
 13961 | D:10     | Killed a two-headed ogre
 13962 | D:10     | Reached skill level 1 in Throwing
 14171 | D:10     | Found a staircase to the Lair.
 14358 | Lair:1   | Entered Level 1 of the Lair of Beasts
 14359 | Lair:1   | Acquired a +3 double sword of draining
 14448 | Lair:1   | Reached ***** piety under Okawaru
 14451 | Lair:1   | Reached XP level 12. HP: 74/88 MP: 16/18
 14612 | Lair:1   | Received a gift from Okawaru
 15286 | Lair:2   | Reached skill level 5 in Throwing
 15317 | Lair:2   | Noticed a five-headed hydra
 15326 | Lair:2   | Killed a four-headed hydra
 15574 | Lair:2   | Noticed a catoblepas
 15581 | Lair:3   | Found a staircase to the Swamp.
 15581 | Lair:3   | Noticed an eleionoma
 15679 | Lair:3   | Noticed a boulder beetle
 15695 | Lair:3   | Killed a boulder beetle
 15733 | Lair:3   | Reached skill level 11 in Fighting
 16042 | Lair:3   | Reached XP level 13. HP: 79/95 MP: 19/19
 16042 | Lair:3   | Acquired a ring of protection from cold
 16271 | Lair:3   | Received a gift from Okawaru
 16341 | Lair:3   | Found a staircase to the Snake Pit.
 16955 | Lair:4   | Noticed Snorg
 16998 | Lair:4   | Killed Snorg
 17294 | Lair:4   | Received a gift from Okawaru
 17723 | Lair:4   | Reached skill level 12 in Fighting
 18015 | Lair:5   | Entered Level 5 of the Lair of Beasts
 18493 | Lair:5   | Received a gift from Okawaru
 19139 | Lair:5   | Found a viscous altar of Jiyva.
 19139 | Lair:5   | Found a staircase to the Slime Pits.
 19232 | Lair:5   | Reached XP level 14. HP: 98/104 MP: 20/20
 19257 | Lair:5   | Reached skill level 13 in Fighting
 19331 | Lair:5   | Noticed a dire elephant
 19331 | Lair:5   | Noticed a dire elephant
 19476 | Lair:5   | Received a gift from Okawaru
 19487 | Lair:5   | Reached skill level 10 in Throwing
 19577 | Lair:5   | Noticed a dire elephant
 19597 | Lair:5   | Killed a dire elephant
 19650 | Lair:5   | Noticed a dire elephant
 19663 | Lair:5   | Killed a dire elephant
 19713 | Lair:5   | Reached skill level 10 in Dodging
 20084 | Lair:5   | Killed a dire elephant
 20086 | Lair:5   | Killed a dire elephant
 20624 | Lair:2   | Received a gift from Okawaru
 21441 | D:10     | Sonja changed into Sonja the blink frog
 21441 | D:10     | Noticed Sonja
 21444 | D:10     | Killed Sonja the blink frog
 21569 | D:10     | Found a sparkling altar of Nemelex Xobeh.
 22033 | D:12     | Got Sif Muna's Compilation of Decalescent Accompaniment
 22160 | D:12     | Reached skill level 14 in Fighting
 22532 | D:12     | Noticed Urug
 22539 | D:12     | Killed Urug
 22852 | D:13     | Found a gate to the Vaults.
 23054 | D:14     | Reached XP level 15. HP: 114/114 MP: 21/21
 23172 | D:14     | Received a gift from Okawaru
 23272 | D:14     | Found a runed translucent gate.
 23273 | D:14     | Found a runed translucent gate.
 23274 | D:14     | Found a runed translucent gate.
 23275 | D:14     | Noticed Demei's ghost (journeyman MfGl)
 23277 | D:14     | Noticed an orc warlord
 23378 | D:14     | Found a glowing golden altar of the Shining One.
 23421 | D:14     | Found an ancient bone altar of Kikubaaqudgha.
 23744 | D:14     | Identified the +3 chain mail of Ignis's Castigation {^Drain
                  | rPois Int+3 Dex+3}
 23748 | D:14     | Found a roughly hewn altar of Beogh.
 23794 | D:14     | Found an ancient bone altar of Kikubaaqudgha.
 23842 | D:14     | Received a gift from Okawaru
 24066 | D:14     | Found a glowing golden altar of the Shining One.
 24283 | D:14     | Learned a level 2 spell: Blink
 24309 | D:14     | Found a roughly hewn altar of Beogh.
 24358 | D:15     | Entered Level 15 of the Dungeon
 24555 | D:15     | Reached skill level 1 in Translocations
 24690 | D:15     | Reached skill level 15 in Fighting
 24982 | D:15     | Found a white marble altar of Elyvilon.
 25256 | D:15     | Found a staircase to the Depths.
 25465 | D:15     | Noticed an orc warlord
 25490 | D:15     | Killed an orc warlord
 25490 | D:15     | Received a gift from Okawaru
 25937 | D:15     | Found a roughly hewn altar of Beogh.
 26367 | Orc:1    | Entered Level 1 of the Orcish Mines
 26572 | Orc:1    | Found a roughly hewn altar of Beogh.
 26580 | Orc:1    | Reached skill level 1 in Shapeshifting
 26841 | Orc:2    | Entered Level 2 of the Orcish Mines
 26872 | Orc:2    | Found Weuqisch's Jewellery Shop.
 26922 | Orc:2    | Bought the amulet "Inewya" {Reflect rC+ Dex+5 SH+5} for 708
                  | gold pieces
 26980 | Orc:2    | Noticed an orc warlord
 27031 | Orc:2    | Noticed Nergalle
 27046 | Orc:2    | Killed Nergalle
 27076 | Orc:2    | Killed an orc warlord
 27080 | Orc:2    | Reached XP level 16. HP: 122/122 MP: 17/22
 27083 | Orc:2    | Reached skill level 5 in Translocations
 27391 | Orc:2    | Found a staircase to the Elven Halls.
 27513 | Orc:2    | Received a gift from Okawaru
 27543 | Orc:2    | Reached ****** piety under Okawaru
 27544 | Orc:2    | Acquired the +3 kite shield of the Unbroken {rF+++ Str-4
                  | Int+3 Stlth+}
 27544 | Orc:2    | Received a gift from Okawaru
 27545 | Orc:2    | Acquired a +2 vampiric demon blade
 27545 | Orc:2    | Received a gift from Okawaru
 27805 | Orc:2    | Found a roughly hewn altar of Beogh.
 27810 | Orc:2    | Found Xyban's General Store.
 27896 | Orc:2    | Found Refioshru's Self-Improvement Boutique.
 28024 | Orc:2    | Found Kuomel's Antique Weapon Boutique.
 28038 | Orc:2    | Found Ocrupp's Antique Armour Boutique.
 28089 | Orc:2    | Found Jerghaiwk's Jewellery Boutique.
 28096 | Orc:2    | Bought a ring of willpower for 275 gold pieces
 28135 | Orc:2    | Found Ret Kirch's Distillery.
 28138 | Orc:2    | Bought a potion of might for 56 gold pieces
 28138 | Orc:2    | Bought a potion of curing for 42 gold pieces
 28188 | Orc:1    | Found a roughly hewn altar of Beogh.
 28266 | Orc:1    | Received a gift from Okawaru
 28321 | Orc:1    | Found a runed translucent door.
 28507 | Orc:2    | Bought a +4 ring of protection for 468 gold pieces
 28546 | Elf:1    | Entered Level 1 of the Elven Halls
 28590 | Elf:1    | Reached skill level 5 in Shields
 28645 | Elf:1    | Found Waontunu's Book Boutique.
 29185 | Elf:1    | Reached skill level 16 in Fighting
 29298 | Elf:1    | Identified the serpent talisman of Ankaceco {rF+ rN+ Str+4
                  | Dex+4}
 29298 | Elf:1    | Noticed Aizul
 29303 | Elf:1    | Killed Aizul
 29303 | Elf:1    | Received a gift from Okawaru
 29445 | Elf:1    | Found a runed translucent door.
 29686 | Elf:1    | Found a hide-covered altar of Uskayaw.
 29954 | Elf:2    | Received a gift from Okawaru
 30069 | Elf:2    | Paralysed by an air elemental for 1 turns
 30183 | Elf:2    | Found a huge runed translucent gate.
 30183 | Elf:2    | Found a huge runed translucent gate.
 30183 | Elf:2    | Found a huge runed translucent gate.
 30187 | Elf:2    | Found a huge runed translucent gate.
 30190 | Elf:2    | Found a huge runed translucent gate.
 30249 | Elf:2    | Paralysed by an air elemental for 1 turns
 30587 | Elf:2    | Reached XP level 17. HP: 98/129 MP: 23/23
 30931 | Elf:1    | Found a shimmering blue altar of Sif Muna.
 30954 | Elf:3    | Entered Level 3 of the Elven Halls
 31033 | Elf:3    | Reached skill level 10 in Shields
 31112 | Elf:3    | Received a gift from Okawaru
 31373 | Elf:3    | Reached skill level 5 in Shapeshifting
 31979 | Elf:3    | Noticed a deep elf blademaster
 31980 | Elf:3    | Noticed a deep elf master archer
 31990 | Elf:3    | Killed a deep elf blademaster
 31994 | Elf:3    | Killed a deep elf master archer
 32419 | Elf:3    | Noticed a deep elf master archer
 32428 | Elf:3    | Noticed a Hell Sentinel
 32429 | Elf:3    | Killed a deep elf master archer
 32719 | Elf:3    | Received a gift from Okawaru
 33258 | Elf:3    | Noticed a deep elf blademaster
 33277 | Elf:3    | Killed a deep elf blademaster
 33534 | Elf:3    | Identified the ring of Biloih {rF+ rC++}
 33657 | Elf:3    | Identified the +2 trident "Beil" {freeze, rElec rCorr MP+9
                  | Int-4}
 34076 | Elf:3    | Identified the +11 orcbow of the Spinneret {freeze, rCorr
                  | Str-4 Dex-2 SInv}
 34080 | Elf:3    | Identified the staff "Neungod" {+Blink rC+ Int+3 Ice}
 34197 | Elf:3    | Got Mucvokku's Lessons on Arctic Calefaction
 34209 | Elf:3    | Got Vehumet's Tome of Battle Magic
 34247 | Elf:3    | Got Gaas Low's Elucidation of the Terrestrial Tropics
 34998 | Elf:3    | Learned a level 3 spell: Ozocubu's Armour
 35131 | Orc:2    | Bought the ring "Fehipraj" {rPois rC+ rCorr Str+4} for 528
                  | gold pieces
 35164 | Orc:2    | Bought a manual of Throwing for 1120 gold pieces
 35367 | Snake:1  | Entered Level 1 of the Snake Pit
 35411 | Snake:1  | Reached skill level 1 in Ice Magic
 35897 | Snake:2  | Reached XP level 18. HP: 134/137 MP: 24/24
 36034 | Snake:2  | Found a transporter.
 36037 | Snake:2  | Found a transporter.
 36037 | Snake:2  | Noticed Lanyett's ghost (adept OpSh)
 36082 | Snake:2  | Identified the +1 pair of gloves "Itasetos" {rF+ Str+3
                  | SInv}
 36082 | Snake:2  | Noticed Nikola
 36087 | Snake:2  | Killed Nikola
 36112 | Snake:2  | Found Duiko's Jewellery Emporium.
 36113 | Snake:2  | Found Neellaul's Book Boutique.
 36114 | Snake:2  | Found Aptuanic's Jewellery Emporium.
 36169 | Snake:2  | Noticed Frances
 36176 | Snake:2  | Killed Frances
 36274 | Snake:2  | Reached skill level 10 in Shapeshifting
 36649 | Snake:2  | Identified the +8 halberd "Cuhanlodgh" {flame, +Blink
                  | rElec}
 36659 | Snake:2  | Reached skill level 17 in Fighting
 36870 | Snake:3  | Reached skill level 5 in Ice Magic
 36977 | Snake:3  | Received a gift from Okawaru
 37404 | Snake:3  | Received a gift from Okawaru
 37583 | Snake:4  | Entered Level 4 of the Snake Pit
 37759 | Snake:4  | Noticed Vashnia
 38143 | Snake:4  | Found a shimmering blue altar of Sif Muna.
 38368 | Snake:4  | Killed Vashnia
 38368 | Snake:4  | Received a gift from Okawaru
 38369 | Snake:4  | Reached XP level 19. HP: 117/145 MP: 23/25
 38658 | Snake:4  | Reached skill level 18 in Fighting
 38740 | Snake:4  | Got a serpentine rune of Zot
 39124 | Swamp:1  | Entered Level 1 of the Swamp
 39226 | Swamp:1  | Received a gift from Okawaru
 40042 | Swamp:2  | Received a gift from Okawaru
 40279 | Swamp:3  | Reached skill level 15 in Throwing
 40289 | Swamp:3  | Noticed a tentacled monstrosity
 40300 | Swamp:3  | Killed a tentacled monstrosity
 40808 | Swamp:4  | Entered Level 4 of the Swamp
 40862 | Swamp:4  | Received a gift from Okawaru
 40873 | Swamp:4  | Reached skill level 10 in Stealth
 41087 | Swamp:4  | Reached XP level 20. HP: 154/154 MP: 26/26
 41131 | Swamp:4  | Reached skill level 19 in Fighting
 41493 | Swamp:4  | Received a gift from Okawaru
 41594 | Swamp:4  | Found a basalt altar of Yredelemnul.
 41611 | Swamp:4  | Got a decaying rune of Zot
 41640 | Swamp:4  | Found a blossoming altar of Fedhas.
 42180 | Vaults:1 | Entered Level 1 of the Vaults
 42204 | Vaults:1 | Found a magical portal.
 42209 | WizLab   | Entered Lehudib's Moon Base
 42884 | WizLab   | Found a transporter.
 42884 | WizLab   | Found the dreamshard necklace {Acrobat *Dream}
 42932 | WizLab   | Received a gift from Okawaru
 43316 | WizLab   | Found a transporter.
 43602 | WizLab   | Reached skill level 15 in Dodging
 43795 | Vaults:1 | Learned a level 4 spell: Vhi's Electric Charge
 43912 | Vaults:1 | Reached skill level 1 in Air Magic
 44026 | Vaults:1 | Reached XP level 21. HP: 111/163 MP: 25/27
 44277 | Vaults:1 | Found a runed translucent gate.
 44277 | Vaults:1 | Found a runed translucent gate.
 44278 | Vaults:1 | Found a runed translucent gate.
 44839 | Vaults:1 | Reached skill level 5 in Spellcasting
 44881 | Vaults:1 | Found a glowing golden altar of the Shining One.
 45806 | Vaults:2 | Received a gift from Okawaru
 46241 | Orc:2    | Bought a manual of Shields for 1120 gold pieces
 46709 | Vaults:3 | Reached skill level 20 in Fighting
 47329 | Vaults:3 | Identified the +4 ring mail of Powerful the Leaf {rElec rN+
                  | Stlth-}
 47333 | Vaults:3 | Received a gift from Okawaru
 47409 | Vaults:3 | Found a staircase to the Crypt.
 47968 | Vaults:4 | Reached skill level 5 in Air Magic
 48412 | Vaults:4 | Received a gift from Okawaru
 48423 | Vaults:4 | Noticed Zenata
 48435 | Vaults:4 | Killed Zenata
 48436 | Vaults:4 | Reached XP level 22. HP: 156/171 MP: 22/29
 50935 | Elf:2    | Received a gift from Okawaru
 51885 | Depths:1 | Entered Level 1 of the Depths
 52087 | Depths:1 | Found Toxes's Island Escapes.
 52120 | Depths:1 | Bought a scroll of fog for 64 gold pieces
 52120 | Depths:1 | Bought a potion of invisibility for 128 gold pieces
 52140 | Depths:1 | Identified the +7 hand axe "Mubinale" {protect, rC+ rCorr}
 52233 | Depths:1 | Noticed Saint Roka
 52264 | Depths:1 | Killed Saint Roka
 52356 | Depths:1 | Reached skill level 15 in Shields
 52432 | Depths:1 | Found a one-way gate to the infinite horrors of the Abyss.
 52446 | Depths:1 | Received a gift from Okawaru
 52513 | Depths:1 | You fall into a shaft and drop 1 floor!
 52829 | Depths:2 | Received a gift from Okawaru
 52880 | Depths:2 | Found a radiant altar of Vehumet.
 52899 | Depths:2 | Reached XP level 23. HP: 179/179 MP: 30/30
 53008 | Depths:2 | Found a one-way gate leading to the halls of Pandemonium.
 53493 | Depths:1 | Found Big Baal Hell's Store.
 53538 | Depths:1 | Found a gateway to Hell.
 54256 | Depths:2 | Received a gift from Okawaru
 54555 | Depths:2 | Found a shimmering blue altar of Sif Muna.
 54584 | Depths:2 | Reached skill level 21 in Fighting
 54981 | Depths:3 | Reached skill level 1 in Evocations
 55195 | Depths:3 | Found Caelea's Jewellery Emporium.
 55199 | Depths:3 | Found Ezoliaq's Weapon Shoppe.
 55200 | Depths:3 | Found Qokif's Book Emporium.
 55430 | Depths:3 | Found a one-way gateway to a ziggurat.
 55666 | Depths:3 | Noticed a golden dragon
 55666 | Depths:3 | Noticed a golden dragon
 55666 | Depths:3 | Noticed a juggernaut
 55706 | Depths:3 | Killed a juggernaut
 55708 | Depths:3 | Noticed a dread lich
 55711 | Depths:3 | Killed a dread lich
 55723 | Depths:3 | Killed a golden dragon
 55727 | Depths:3 | Killed a golden dragon
 55873 | Depths:3 | Identified the ring "Red Jicw" {rF+ rN+ Slay+6}
 55957 | Depths:4 | Entered Level 4 of the Depths
 55957 | Depths:4 | Found Cebb's Antique Weapon Shop.
 55962 | Depths:4 | Found a transporter.
 55994 | Depths:4 | Received a gift from Okawaru
 56228 | Depths:4 | Identified the ring of Cafimp {Ice rPois Str-5 Int+4}
 56228 | Depths:4 | Noticed Josephina
 56256 | Depths:4 | Killed Josephina
 56441 | Depths:4 | Found a transporter.
 56442 | Depths:4 | Found a transporter.
 56781 | Depths:4 | Reached XP level 24. HP: 153/187 MP: 30/30
 57026 | Depths:4 | Found a transporter.
 57081 | Depths:4 | Noticed Xtahua
 57099 | Depths:4 | Killed Xtahua
 57292 | Depths:4 | Found a gate to the Realm of Zot.
 57497 | D:14     | Killed Demei's ghost
 57812 | Snake:2  | Killed Lanyett's ghost
 58734 | Depths:3 | Bought a granite talisman for 660 gold pieces
 58987 | Vaults:5 | Entered Level 5 of the Vaults
 59080 | Vaults:5 | Noticed a dread lich
 59319 | Vaults:5 | Paralysed by a dread lich for 4 turns
 59350 | Vaults:5 | Noticed an ancient lich
 59354 | Vaults:5 | Killed an ancient lich
 59382 | Vaults:5 | Reached skill level 15 in Shapeshifting
 59414 | Vaults:5 | Reached skill level 5 in Earth Magic
 59429 | Vaults:5 | Received a gift from Okawaru
 59550 | Vaults:5 | Killed a dread lich
 59601 | Vaults:5 | Noticed a dread lich
 59613 | Vaults:5 | Killed a dread lich
 59840 | Vaults:5 | Received a gift from Okawaru
 59841 | Vaults:5 | Reached XP level 25. HP: 192/192 MP: 32/32
 60006 | Vaults:5 | Noticed a dread lich
 60013 | Vaults:5 | Killed a dread lich
 60212 | Vaults:5 | Found Bouter's Distillery.
 60219 | Vaults:5 | Bought a potion of resistance for 120 gold pieces
 60219 | Vaults:5 | Bought a potion of curing for 36 gold pieces
 60330 | Vaults:5 | Got a silver rune of Zot
 60631 | Vaults:5 | Learned a level 1 spell: Apportation
 60636 | Vaults:5 | Learned a level 4 spell: Manifold Assault
 60640 | Vaults:5 | Learned a level 3 spell: Swiftness
 60986 | Zot:1    | Entered Level 1 of the Realm of Zot
 61290 | Orc:2    | Bought a potion of curing for 42 gold pieces
 61290 | Orc:2    | Bought a potion of might for 56 gold pieces
 61290 | Orc:2    | Bought a potion of curing for 42 gold pieces
 61531 | Snake:2  | Bought the ring of Aviluzie {rCorr Str+2 Slay+2 SInv
                  | Stlth-} for 504 gold pieces
 61794 | Orc:2    | Bought a phial of floods for 520 gold pieces
 62368 | Zot:5    | Entered Level 5 of the Realm of Zot
 62461 | Zot:5    | Acquired the ring "Cuut" {rF+ MP+9 SInv}
 62854 | Zot:5    | Identified the staff of Icraimm {rC+ Str+3 Ice}
 63032 | Zot:5    | Reached skill level 10 in Invocations
 63049 | Zot:5    | Received a gift from Okawaru
 63049 | Zot:5    | Noticed an ancient lich
 63055 | Zot:5    | Killed an ancient lich
 63531 | Snake:2  | Bought a book of the Moon for 480 gold pieces
 63536 | Snake:2  | Learned a level 4 spell: Passage of Golubria
 64723 | Zot:5    | Noticed an orb of fire
 64730 | Zot:5    | Killed an orb of fire
 64740 | Zot:5    | Noticed an orb of fire
 64747 | Zot:5    | Gained mutation: You have hidden genetic defects. [an orb
                  | of fire]
 64753 | Zot:5    | Gained mutation: You occasionally lose the ability to drink
                  | potions when taking damage. [an orb of fire]
 64757 | Zot:5    | Killed an orb of fire
 64758 | Zot:5    | Reached skill level 5 in Evocations
 64773 | Zot:5    | Lost mutation: You occasionally lose the ability to drink
                  | potions when taking damage. [potion of mutation]
 64773 | Zot:5    | Lost mutation: You have hidden genetic defects. [potion of
                  | mutation]
 64773 | Zot:5    | Gained mutation: You have hidden genetic potential. [potion
                  | of mutation]
 64775 | Zot:5    | Noticed a Killer Klown
 64778 | Zot:5    | Noticed a Killer Klown
 64780 | Zot:5    | Noticed a dread lich
 64784 | Zot:5    | Killed a dread lich
 64795 | Zot:5    | Killed a Killer Klown
 64799 | Zot:5    | Killed a Killer Klown
 64924 | Zot:5    | Noticed a Killer Klown
 64927 | Zot:5    | Noticed a Killer Klown
 64929 | Zot:5    | Noticed a Killer Klown
 64929 | Zot:5    | Noticed an orb of fire
 64931 | Zot:5    | Killed a Killer Klown
 64931 | Zot:5    | Noticed an orb of fire
 64938 | Zot:5    | Killed a Killer Klown
 64939 | Zot:5    | Reached XP level 26. HP: 199/199 MP: 0/32
 64942 | Zot:5    | Gained mutation: Your body sometimes deteriorates upon
                  | taking damage. [an orb of fire]
 64943 | Zot:5    | Killed an orb of fire
 64947 | Zot:5    | Gained mutation: Your magical capacity is low. (-10% MP)
                  | [an orb of fire]
 64950 | Zot:5    | Gained mutation: You occasionally lose the ability to drink
                  | potions when taking damage. [an orb of fire]
 64951 | Zot:5    | Killed an orb of fire
 64954 | Zot:5    | Killed a Killer Klown
 64964 | Zot:5    | Lost mutation: Your magical capacity is low. (-10% MP)
                  | [potion of mutation]
 64964 | Zot:5    | Lost mutation: You occasionally lose the ability to drink
                  | potions when taking damage. [potion of mutation]
 64964 | Zot:5    | Gained mutation: You occasionally lose the ability to drink
                  | potions when taking damage. [potion of mutation]
 64964 | Zot:5    | Gained mutation: Your flesh is cold resistant. (rC+)
                  | [potion of mutation]
 64965 | Zot:5    | Lost mutation: Your flesh is cold resistant. (rC+) [potion
                  | of mutation]
 64965 | Zot:5    | Lost mutation: You occasionally lose the ability to drink
                  | potions when taking damage. [potion of mutation]
 64965 | Zot:5    | Lost mutation: Your body sometimes deteriorates upon taking
                  | damage. [potion of mutation]
 64965 | Zot:5    | Gained mutation: You occasionally lose the ability to read
                  | scrolls when taking damage. [potion of mutation]
 64965 | Zot:5    | Gained mutation: You are partially covered in iridescent
                  | scales. (AC +2) [potion of mutation]
 64965 | Zot:5    | Gained mutation: You possess an exceptional clarity of
                  | mind. [potion of mutation]
 64966 | Zot:5    | Lost mutation: You occasionally lose the ability to read
                  | scrolls when taking damage. [potion of mutation]
 64966 | Zot:5    | Lost mutation: You have hidden genetic potential. [potion
                  | of mutation]
 64966 | Zot:5    | Lost mutation: You are partially covered in iridescent
                  | scales. (AC +2) [potion of mutation]
 64966 | Zot:5    | Gained mutation: You are partially covered in iridescent
                  | scales. (AC +2) [potion of mutation]
 64966 | Zot:5    | Gained mutation: You occasionally lose the ability to read
                  | scrolls when taking damage. [potion of mutation]
 64966 | Zot:5    | Gained mutation: You occasionally lose the ability to drink
                  | potions when taking damage. [potion of mutation]
 64966 | Zot:5    | Gained mutation: Your muscles are strong. (Str +4, Int/Dex
                  | -1) [potion of mutation]
 64967 | Zot:5    | Lost mutation: You possess an exceptional clarity of mind.
                  | [potion of mutation]
 64967 | Zot:5    | Lost mutation: You occasionally lose the ability to read
                  | scrolls when taking damage. [potion of mutation]
 64967 | Zot:5    | Gained mutation: You are frail. (-10% HP) [potion of
                  | mutation]
 64968 | Zot:5    | Lost mutation: You occasionally lose the ability to drink
                  | potions when taking damage. [potion of mutation]
 64968 | Zot:5    | Lost mutation: You are frail. (-10% HP) [potion of
                  | mutation]
 64968 | Zot:5    | Gained mutation: You are dopey. (Int -2) [potion of
                  | mutation]
 65001 | Zot:5    | Received a gift from Okawaru
 65273 | Zot:5    | Got the Orb of Zot
 65317 | Zot:5    | Noticed Keohynac the pandemonium lord
 65418 | Depths:4 | Noticed Hob Fiun the pandemonium lord
 65672 | D:15     | Noticed a seraph
 65825 | D:8      | Noticed Uto Jaiw the pandemonium lord
 66038 | D:1      | Noticed Canim the pandemonium lord
 66072 | D:$      | Escaped with the Orb!

Illustrated notes

Levels and vault maps discovered:
D:1:      ncdulo_smallfort, layout_loops_ring,
          hellmonk_ecumenical_altar_pennies_from_heaven,
          minmay_misc_feat_secret_circle, grunt_decor_clamped
D:2:      layout_basic
D:3:      layout_rooms, uniq_robin
D:4:      layout_gridville, lightli_sewer_entry_pipes, minmay_misc_feat_plants,
          uniq_duvessa
D:5:      layout_basic, mainiacjoe_overflow_alcove_2, okawaru_gym_becter,
          lemuel_coloured_pillars_altar, serial_shops, shop
D:6:      layout_cave_pools, grunt_gozag_statues, serial_gnoll_camp,
          gnoll_camp_mini_house, gnoll_camp_mini_loothouse,
          gnoll_camp_medium_01, gnoll_camp_mini_house, lightli_orcish_oven,
          uniq_menkaure, uniq_blork_the_orc, uniq_crazy_yiuf_cottage,
          uniq_grinder, uniq_pikel
D:7:      layout_loops_cross, mainiacjoe_overflow_surrounded_room, temple_pool_b
D:8:      layout_loops_cross, mainiacjoe_overflow_chevrons,
          mainiacjoe_overflow_brackets, mainiacjoe_overflow_six_doors_small,
          serial_shops, nicolae_stop_n_shop_1, minmay_misc_feat_chi
D:9:      layout_long_grid, kennysheep_mini_moat, david_orc_1_choice,
          minmay_variable_closet
D:10:     layout_basic, lemuel_round_altar, mainiacjoe_overflow_paths,
          erik_lair_island, uniq_sonja
D:11:     layout_stronghold, minmay_misc_feat_diagonals
D:12:     layout_rooms, uniq_urug
D:13:     layout_rooms, david_vaults_2, lemuel_old_faithful
D:14:     layout_cave_pools, biasface_ghost_orc_armoury, tso_altar,
          kiku_gazebo_garden_becter
D:15:     hellmonk_depths_entry_around_the_bend, layout_loops_cross,
          nicolae_elyvilon_temple_path, corexii_checkpoint,
          lightli_church_of_beogh
Lair:1:   layout_regular_city, chequers_serial_rivers_micro_d,
          serial_bayou_shore_b, grunt_megastairs_4, serial_bayou_shore_b,
          infiniplex_staircase_pool
Lair:2:   layout_hall_layers, nicolae_lair_lindhole, serial_bayou_shore_a
Lair:3:   layout_regular_city, alex1729_swamp_entry_worm_eleionoma,
          minmay_snake_entry_six_corridors, minmay_lindwurm_lava
Lair:4:   layout_misc_corridors, st_stairs_11, minmay_holes,
          infiniplex_staircase_pool_2, lemuel_fruit_fields, uniq_snorg
Lair:5:   due_jungle_book, layout_regular_city, slime_entry_1, lemuel_fruit_tree
Swamp:1:  layout_basic_swamp, nicolae_swamp_some_circles
Swamp:2:  layout_basic_swamp, hangedman_swamp_ruin_wall
Swamp:3:  layout_falls_marsh, evilmike_swamp_ruin_house_2
Swamp:4:  byrel_swamp_growth_death_and_undeath, layout_basic_swamp,
          swamp_pool_1_2, nicolae_swamp_decorative_isthmus
Snake:1:  layout_onion
Snake:2:  layout_gridlike, gammafunk_ghost_arena, minmay_shop_grove,
          grunt_megastairs_1, uniq_frances, uniq_nikola
Snake:3:  layout_misc_corridors
Snake:4:  johnstein_snake_rune_scales, layout_cave_town, basic_altar,
          grunt_megastairs_3
Orc:1:    dreamdust_dug_too_deep, layout_diamond_mine,
          nicolae_orc_hostile_takeover, hangedman_feature_mirror
Orc:2:    grunt_orc_cross, layout_caves, serial_shops,
          nicolae_shop_gaudy_bauble, nicolae_shop_window_shopping,
          nicolae_shop_self_help
Elf:1:    eino_elf_arrival_shootout, layout_onion_city, serial_shops,
          nicolae_shop_tiny_glass, nicolae_danse_macabre, lemuel_upstairs_altar,
          uniq_aizul
Elf:2:    elven_hall_of_blades_hangedman_alternative
          [nicolae_blade_little_rooms], layout_onion_city
Elf:3:    elf_hall, layout_onion_city
Vaults:1: infiniplex_enter_wizlab_spiral, grunt_vaults_swirl,
          abrahamwl_protected_by_tso_3, v_misc_18,
          nicolae_vaults_trapezoid_lopsided_2, nicolae_vaults_storage_closets_2,
          hangedman_vaults_nodes, hangedman_vaults_stretched_pinwheel,
          dpeg_vaults_monster_row, nicolae_vaults_windows_and_doors_thing,
          vaults_room_pool, layout_vaults_omnibox
Vaults:2: ontoclasm_vaults_bender, ontoclasm_vaults_ring_square,
          ontoclasm_vaults_hangar, nicolae_vaults_storage_room_doors,
          ontoclasm_vaults_gateway, ontoclasm_vaults_decontamination,
          layout_vaults_big_room
Vaults:3: minmay_crypt_entry_vampire_xt, nicolae_vaults_network_square,
          nicolae_vaults_tetromino_T_1, nicolae_vaults_border_crossing,
          nicolae_vaults_surprise_closet, layout_vaults_omnigrid
Vaults:4: nicolae_vaults_closet_pinwheel_6, nicolae_vaults_more_shelving_2,
          grunt_vaults_bifocal, nicolae_vaults_door_testing_chamber, v_misc_4,
          nicolae_vaults_twisting_passages, nicolae_vaults_network_star,
          vaults_dpeg_ring, ontoclasm_vaults_ligature, vaults_mumra_lcd,
          nicolae_vaults_enemy_cabinets, nicolae_vaults_diamond_1,
          vaults_dpeg_encased_lava, layout_vaults_omnicross, uniq_zenata
Vaults:5
Depths:1: layout_basic, serial_sigils_hangedman_etch, minmay_room_of_horrors,
          nicolae_hell_entry_big_baal_hell, nicolae_lava_and_water, hex_medium,
          skrybe_limestone_x, nicolae_island_escapes, firewood_loft,
          uniq_saint_roka
Depths:2: minmay_crystal_thing, layout_basic, rand_demon_pan_entry_5,
          grunt_hell_entry_dis_old, fiery_altar_vehumet,
          infiniplex_staircase_pool_lava
Depths:3: minmay_shrinking_squares, layout_gridlike, enter_ziggurat_e,
          abyss_entry, hell_entry, hangedman_abyss_or_decor_slice,
          minmay_shop_star, infiniplex_staircase_spiral
Depths:4: grunt_zot_entry_gee_three, layout_gridlike, hangedman_decor_push,
          pf_coc_iceberg, grunt_pan_entry_spiral, serial_shops, shop,
          abyss_entry_small_statue_room, nicolae_transporter_circle,
          uniq_josephina, uniq_xtahua
Zot:1:    layout_onion
Zot:2:    layout_basic, hangedman_zot_wheel_spokes, nicolae_transmutations_shop,
          regret_index_zotdec_stipple_waver
Zot:3:    layout_misc_corridors, regret_index_zotdec_fiery_em
Zot:4:    layout_twisted_circle, serial_nicolae_subway,
          nicolae_sub_station_metal, nicolae_sub_station_stone,
          nicolae_sub_station_crystal
Zot:5:    layout_basic, kennysheep_underground_church

Skill      XL: |  1  2  3  4  5  6  7  8  9 10 11 12 13 14 15 16 17 18 19 20 21 22 23 24 25 26 |
---------------+-------------------------------------------------------------------------------+-----
Fighting       | 1 2 4 5 8 10 11 12 14 15 16 17 18 19 20 21 | 21.7
Earth Magic    | 1 2 3 4 7 |  7.0
Dodging        | 1 2 4 5 6 7 9 10 11 12 13 15 16 18 19 20 | 20.5
Shields        | 2 4 9 10 12 16 17 18 | 18.8
Invocations    | 1 4 5 7 8 9 10 11 | 11.0
Long Blades    | 4 9 11 12 13 | 13.4
Stealth        | 5 6 10 | 10.9
Throwing       | 3 7 9 10 11 12 13 15 17 18 | 18.1
Translocations | 4 6 7 8 9 |  9.1
Shapeshifting  | 2 4 9 10 13 16 | 16.0
Ice Magic      | 2 7 |  7.0
Air Magic      | 1 5 6 7 |  7.0
Spellcasting   | 5 6 |  6.0
Evocations     | 2 5 6 |  6.0
Staves         | |  5.0

Action                     |  1- 3 |  4- 6 |  7- 9 | 10-12 | 13-15 | 16-18 | 19-21 | 22-24 | 25-27 || total
---------------------------+-------+-------+-------+-------+-------+-------+-------+-------+-------++-------
  Melee: Quarterstaff      |    38 |    38 |       |       |       |       |       |       |       ||    76
         Constrict         |    10 |    25 |    55 |    75 |   100 |   112 |   124 |   175 |    41 ||   717
         Tentacles         |     6 |    15 |    67 |   120 |   206 |   198 |   356 |   468 |   123 ||  1559
         Spear             |       |    50 |   278 |       |       |       |       |       |       ||   328
         Scimitar          |       |       |    22 |    94 |       |       |       |       |       ||   116
         Falchion          |       |       |       |   200 |       |       |       |       |       ||   200
         Double sword      |       |       |       |   147 |   746 |   734 |   700 |  1296 |   331 ||  3954
         Long sword        |       |       |       |    15 |     9 |       |   336 |       |       ||   360
         Maw               |       |       |       |       |       |   119 |   455 |   443 |       ||  1017
  Throw: Dart              |       |     2 |    14 |    12 |       |     1 |       |       |       ||    29
         Throwing net      |       |       |     1 |     4 |     2 |       |       |       |       ||     7
         Boomerang         |       |       |       |    16 |    49 |    43 |    68 |    34 |    17 ||   227
         Javelin           |       |       |       |       |    19 |    24 |    60 |     9 |    48 ||   160
   Cast: Sandblast         |    34 |    62 |    16 |       |       |       |       |       |       ||   112
         Passwall          |       |       |       |     1 |       |       |       |       |     7 ||     8
         Blink             |       |       |       |       |       |       |       |     1 |       ||     1
         Vhi's Electric Ch |       |       |       |       |       |       |       |       |     1 ||     1
 Invoke: Heroism           |       |       |     7 |    21 |    18 |    21 |    23 |    29 |    14 ||   133
         Finesse           |       |       |       |       |     1 |     4 |     4 |     3 |     3 ||    15
         Receive Weapon    |       |       |       |       |       |     1 |       |       |       ||     1
         Receive Armour    |       |       |       |       |       |     1 |       |       |       ||     1
  Evoke: Wand              |       |       |       |       |     2 |       |       |     3 |     2 ||     7
         Lightning rod     |       |       |       |       |       |     2 |       |       |       ||     2
         Tin of tremorston |       |       |       |       |       |       |     2 |       |       ||     2
    Use: Scroll            |     1 |     1 |     4 |    14 |    12 |     7 |     3 |    15 |     7 ||    64
         Potion            |       |     1 |       |     3 |     1 |     4 |       |     5 |    10 ||    24
   Stab: Sleeping          |     5 |     4 |     4 |    20 |    40 |    65 |    79 |    29 |     9 ||   255
         Distracted        |       |     1 |     1 |     2 |     5 |     4 |     4 |     4 |     3 ||    24
         Held in net/web   |       |       |       |     1 |       |       |       |       |       ||     1
         Petrified         |       |       |       |       |     1 |       |       |       |       ||     1
         Invisible         |       |       |       |       |       |     7 |       |       |       ||     7
 Armour: Skin              |    17 |    39 |    67 |   123 |   168 |   137 |   130 |   370 |    71 ||  1122
  Dodge: Dodged            |    17 |    31 |   104 |   206 |   455 |   348 |   494 |  1129 |   242 ||  3026
  Block: Buckler           |       |    11 |   100 |   193 |   371 |    30 |       |       |       ||   705
         Reflection        |       |       |     9 |     4 |    13 |    88 |    57 |    16 |       ||   187
         Kite shield       |       |       |       |       |       |   655 |  1029 |   695 |       ||  2379
         Tower shield      |       |       |       |       |       |       |       |  1427 |   745 ||  2172
   Form: Maw               |       |       |       |       |       |     1 |       |       |       ||     1
         Statue            |       |       |       |       |       |       |       |     1 |       ||     1

Table legend: (Time is in decaauts)
 A = Elapsed time spent in this place.
 B = Non-inter-level travel time spent in this place.
 C = Inter-level travel time spent in this place.
 D = Time resting spent in this place.
 E = Time spent auto-exploring this place.
 F = Levels seen in this place.
 G = Mean time per level.
                   A        B        C        D        E       F      G
               +--------+--------+--------+--------+--------+-----+--------+
         Total |  69041 |  57860 |  11181 |  12667 |  30546 |  49 | 1409.0 |
       Dungeon |  22374 |  18240 |   4134 |   4782 |   9074 |  15 | 1491.6 |
          Lair |   8048 |   6877 |   1171 |   1729 |   3767 |   5 | 1609.6 |
         Swamp |   2963 |   2704 |    259 |    524 |   1393 |   4 |  740.8 |
     Snake Pit |   4630 |   3688 |    942 |    386 |   2265 |   4 | 1157.5 |
  Orcish Mines |   3132 |   1951 |   1181 |    344 |   1169 |   2 | 1566.0 |
   Elven Halls |   7237 |   6620 |    617 |   2098 |   3415 |   3 | 2412.3 |
        Vaults |   8334 |   7372 |    962 |    592 |   4898 |   5 | 1666.8 |
        Depths |   6810 |   5471 |   1339 |    670 |   3089 |   4 | 1702.5 |
           Zot |   3696 |   3124 |    572 |   1211 |    732 |   5 |  739.2 |
         Sewer |    278 |    278 |      0 |      0 |    123 |   1 |  278.0 |
        Wizlab |   1536 |   1536 |      0 |    327 |    621 |   1 | 1536.0 |
               +--------+--------+--------+--------+--------+-----+--------+

Top non-repeatable levels by time:
   Elf:3: 3846 daAuts
     D:6: 3311 daAuts
   Zot:5: 3028 daAuts
  Lair:5: 2449 daAuts
    D:15: 2181 daAuts
Vaults:5: 2041 daAuts
    D:10: 2017 daAuts
     D:9: 1993 daAuts
    D:14: 1962 daAuts
Vaults:4: 1933 daAuts
Depths:4: 1884 daAuts
   Elf:2: 1867 daAuts
    D:11: 1751 daAuts
   Orc:2: 1747 daAuts
Depths:1: 1739 daAuts
